 Dungeon Crawl Stone Soup version 0.19-a0-1922-g1e9a4c1 (webtiles) character file.

10546 Zenonira the Cleaver (level 11, -14/83 HPs)
             Began as a Formicid Fighter on Oct 25, 2016.
             Was a High Priest of Cheibriados.
             Demolished by an ettin
             ... wielding a +0 dire flail
              (28 damage)
             ... on level 1 of the Orcish Mines.
             The game lasted 00:24:46 (13097 turns).

Zenonira the Cleaver (Formicid Fighter)            Turns: 13097, Time: 00:24:46

Health: -14/83     AC: 15    Str: 33    XL:     11   Next: 95%
Magic:  19/19      EV: 11    Int: 20    God:    Cheibriados [*****.]
Gold:   936        SH: 14    Dex: 25    Spells: 0 memorised, 10 levels left

rFire  . . .     SeeInvis +     J - +0 battleaxe
rCold  . . .     Gourm    +     O - +0 mottled dragon scales
rNeg   . . .     Faith    .     c - +0 shield
rPois  .         Spirit   .     (helmet unavailable)
rElec  .         Reflect  .     o - +2 cloak
rCorr  +         Harm     .     q - +2 pair of gloves
MR     ++...                    Q - +1 pair of boots
Stlth  ++........               C - amulet of the gourmand
                                (no ring)
                                v - ring of resist corrosion

@: very slightly contaminated, invisible, very slow
A: permanent stasis, dig shafts and tunnels, four strong arms, antennae 3, magic
resistance 1
a: Dig, Shaft Self, Bend Time, Temporal Distortion, Slouch, Step From Time,
Renounce Religion


You were on level 1 of the Orcish Mines.
You worshipped Cheibriados.
Cheibriados was extremely pleased with you.
You were very full.

You visited 4 branches of the dungeon, and saw 14 of its levels.
You also visited: Sewer and Ossuary.

You collected 1012 gold pieces.
You spent 76 gold pieces at shops.

Inventory:

Hand Weapons
 a - a +1 war axe
 J - a +0 battleaxe (weapon)
Missiles
 p - 6 javelins (quivered)
Armour
 c - a +0 shield (worn)
 j - a +0 leather armour of fire resistance
 o - a +2 cloak (worn)
 q - a +2 pair of gloves (worn)
 O - +0 mottled dragon scales (worn)
 Q - a +1 pair of boots (worn)
Jewellery
 v - a ring of resist corrosion (left hand)
 C - an amulet of the gourmand (around neck)
Wands
 y - a wand of confusion (46/48)
 G - a wand of acid (8/15)
 N - a wand of iceblast (7/15)
 P - a wand of flame (28/48)
Scrolls
 b - a scroll of identify
 i - 4 scrolls of remove curse
 m - a scroll of fear
 n - 3 scrolls of immolation
 t - 3 scrolls of amnesia
 u - 2 scrolls of noise
 x - 3 scrolls of fog
 H - 2 scrolls of magic mapping
 I - 3 scrolls of recharging
 K - a scroll of enchant weapon
Potions
 d - 3 potions of might
 e - 3 potions of resistance
 g - 2 potions of magic
 k - a potion of lignification
 l - 9 potions of curing
 r - 2 potions of ambrosia
 s - a potion of invisibility
 A - 6 potions of brilliance
 D - 2 potions of agility
 E - 2 potions of flight {unknown}
 F - 3 potions of heal wounds
 M - 2 potions of haste {unknown}
Comestibles
 f - 9 bread rations
 h - 3 slices of pizza
 w - 2 royal jellies
 z - 4 meat rations
 B - 3 beef jerkies
 S - 3 fruits


   Skills:
 + Level 6.5 Fighting
 + Level 12.1 Axes
 - Level 3.2 Armour
 - Level 9.6 Shields
 + Level 11.6 Invocations


You had 10 spell levels left.
You didn't know any spells.

Dungeon Overview and Level Annotations

Branches:
Dungeon (10/15)            Temple (1/1) D:5            Lair (1/6) D:8
    Orc (2/2) D:10            Elf (0/3) Orc:2

Altars:
Ashenzari
Cheibriados
Dithmenos
Elyvilon
Fedhas
Gozag
Hepliaklqana
Kikubaaqudgha
Makhleb
Nemelex Xobeh
Okawaru
Qazlal
Ru
Sif Muna
Trog
Uskayaw
Vehumet
Xom
Yredelemnul
Zin
The Shining One
Beogh

Shops:
D:5 ::%   D:9 :}   Orc:1 *


Innate Abilities, Weirdness & Mutations

You are under a permanent stasis effect.
You can dig through walls and to a lower floor.
Your four strong arms can wield two-handed weapons with a shield.
You have a pair of large antennae on your head. (SInv)
You are resistant to hostile enchantments. (MR+)


Message History

You start resting.
You sense a monster nearby.
You start resting.
Magic restored.
You start resting.
You dig through the rock wall.
You hear two shouts!
The ettin completely misses you. The ettin barely misses you.
You retract your mandibles.
You slash the ettin!
The ettin is lightly wounded.
You block the ettin's attack. The ettin hits you with a dire flail.
You fade into invisibility!
You block the ettin's attack. The ettin hits you with a dire flail!
* * * LOW HITPOINT WARNING * * *
You are very lightly contaminated with residual magic.
Unknown command.
You slash the ettin!
The ettin is moderately wounded.
The ettin barely misses you. The ettin hits you with a dire flail!!
You die...

##.... ....$#
##....# ... .#
##.....##......
#..... #.......
#...###..#...
#####...#.....
##C#.#..###..#
#@#.#.....#.##
#####........#
##.#...##.#...#
#......∩##...##
##.#....###.##
#...#.....###
######..#......##
.##...##.o...##...#
.......#......#..##


You could see an ettin.

Vanquished Creatures
  Harold (D:10)
  A hill giant (D:10)
  An orc knight (D:10)
  An ugly thing (D:10)
  Maurice (Orc:1)
  The ghost of Daviar the Skirmisher, a novice NaFi (D:4)
  A centaur zombie (D:10)
  A spiny frog (Lair:1)
  A troll (D:10)
  2 hippogriffs
  6 yaks
  2 wraiths
  A spriggan (D:10)
  A hungry ghost (D:9)
  A warg (D:10)
  A mottled dragon (D:9)
  3 sky beasts
  A phantom (D:4)
  3 ice beasts
  9 orc warriors
  A black bear (D:4)
  5 ogres
  A centaur (D:10)
  5 bullfrogs
  3 big kobolds
  An elf skeleton (D:7)
  4 scorpions
  3 wights (D:7)
  A howler monkey (D:4)
  5 crimson imps
  A quasit (D:9)
  3 jellies
  2 bullfrog skeletons (D:5)
  4 human zombies (D:7)
  12 orc priests
  2 centaur skeletons
  2 human skeletons (D:7)
  16 orc wizards
  Ijyb (D:3)
  An iguana (D:7)
  5 worker ants
  A big kobold zombie (Ossuary)
  8 mummies (Ossuary)
  2 worker ant zombies
  Robin (D:2)
  3 gnolls
  3 howler monkey skeletons
  9 adders
  A shadow imp (D:9)
  An ooze (D:1)
  An adder skeleton (D:4)
  2 worms
  2 dart slugs
  3 leopard geckos
  38 orcs
  7 ball pythons
  8 bats
  8 giant cockroaches
  2 gnoll zombies (Ossuary)
  16 goblins
  8 hobgoblins
  16 jackals
  20 kobolds
  7 quokkas
  5 frilled lizards
  A giant cockroach zombie (D:6)
  3 hobgoblin zombies (Ossuary)
  2 orc zombies (Ossuary)
  A quokka skeleton (D:5)
  A quokka zombie (D:9)
  13 rats
310 creatures vanquished.

Notes
Turn   | Place    | Note
-------+----------+-------------------------------------------
     0 | D:1      | Zenonira the Formicid Fighter began the quest for the Orb.
     0 | D:1      | Reached XP level 1. HP: 18/18 MP: 1/1
    28 | D:1      | Reached XP level 2. HP: 15/24 MP: 2/2
   524 | D:1      | Reached XP level 3. HP: 29/29 MP: 3/3
  1136 | D:2      | Reached skill level 3 in Axes
  1136 | D:2      | Reached XP level 4. HP: 35/35 MP: 4/4
  1145 | D:1      | Reached skill level 5 in Shields
  1531 | D:2      | Found a faded altar of an unknown god.
  1545 | D:2      | Noticed Robin
  1567 | D:2      | Killed Robin
  1567 | D:2      | Reached XP level 5. HP: 24/41 MP: 5/5
  1882 | D:2      | Found a shimmering altar of Xom.
  2373 | D:3      | Found a hide-covered altar of Uskayaw.
  2797 | D:3      | Noticed Ijyb
  2823 | D:3      | Killed Ijyb
  2823 | D:3      | Reached skill level 4 in Axes
  2823 | D:3      | Reached XP level 6. HP: 33/47 MP: 6/6
  3059 | D:3      | Found a white marble altar of Elyvilon.
  3305 | D:4      | Gained mutation: You are resistant to hostile enchantments. (MR+) [potion of beneficial mutation]
  3443 | D:4      | Found a sand-covered staircase.
  3452 | Ossuary  | Entered an ossuary
  3547 | Ossuary  | HP: 2/47 [mummy (16)]
  3919 | Ossuary  | Reached XP level 7. HP: 52/52 MP: 7/7
  3943 | Ossuary  | Reached skill level 5 in Axes
  4568 | D:4      | Noticed Daviar's ghost (novice NaFi)
  4588 | D:4      | Killed Daviar's ghost
  4588 | D:4      | Reached skill level 6 in Axes
  4588 | D:4      | Reached XP level 8. HP: 28/58 MP: 8/8
  4986 | D:4      | Reached skill level 7 in Axes
  5475 | D:5      | Entered Level 5 of the Dungeon
  5491 | D:5      | Found a staircase to the Ecumenical Temple.
  5507 | Temple   | Entered the Ecumenical Temple
  5710 | Temple   | Became a worshipper of Cheibriados the Contemplative
  5776 | D:5      | Found Hefua's Book Boutique.
  5979 | D:5      | Reached XP level 9. HP: 47/64 MP: 9/9
  5984 | D:5      | Reached skill level 1 in Invocations
  6103 | D:5      | Found Bixiyt's Book Shop.
  6350 | D:5      | Found Jingozen's Food Boutique.
  6437 | D:5      | Found a radiant altar of Vehumet.
  6719 | D:6      | Reached * piety under Cheibriados
  6719 | D:6      | Reached skill level 8 in Axes
  7036 | D:6      | Found a glowing drain.
  7045 | Sewer    | Entered a sewer
  7100 | Sewer    | Reached ** piety under Cheibriados
  7257 | Sewer    | Reached skill level 5 in Invocations
  7424 | D:6      | Reached skill level 9 in Axes
  7428 | D:6      | Reached *** piety under Cheibriados
  7694 | D:6      | Found a glowing silver altar of Zin.
  8146 | D:7      | Reached XP level 10. HP: 67/70 MP: 13/15
  8445 | D:7      | Found a basalt altar of Yredelemnul.
  8903 | D:8      | Found a staircase to the Lair.
  9123 | D:8      | You fall through a shaft for 2 floors!
  9123 | D:10     | Entered Level 10 of the Dungeon
  9127 | D:10     | Noticed Harold
  9155 | D:9      | Reached skill level 10 in Axes
  9163 | D:9      | Reached **** piety under Cheibriados
  9440 | D:9      | Found Tatitsy's Book Shop.
  9474 | D:9      | Found a burning altar of Makhleb.
  9505 | D:9      | Found Esileris's Gadget Boutique.
  9537 | D:9      | Noticed a moth of wrath
  9540 | D:9      | Found a bloodstained altar of Trog.
  9635 | D:8      | Found a glowing golden altar of the Shining One.
 10771 | D:9      | Found a deep blue altar of Sif Muna.
 10871 | D:9      | Reached ***** piety under Cheibriados
 11049 | D:10     | Reached skill level 10 in Invocations
 11049 | D:10     | Reached XP level 11. HP: 75/75 MP: 18/18
 11060 | D:10     | Reached skill level 11 in Axes
 11226 | D:10     | Killed Harold
 11265 | D:10     | Got a bronze ring mail
 11267 | D:10     | Found a staircase to the Orcish Mines.
 11274 | D:10     | Found a roughly hewn altar of Beogh.
 11293 | D:10     | Identified the +1 ring mail of Yciothec {MR- Regen+ rCorr Dex+3} (You took it off an orc on level 10 of the Dungeon)
 11491 | D:10     | Reached skill level 5 in Fighting
 11671 | D:10     | Noticed a hill giant
 11683 | D:10     | Killed a hill giant
 12042 | D:10     | Noticed a red ugly thing
 12053 | D:10     | Killed a red ugly thing
 12190 | Lair:1   | Entered Level 1 of the Lair of Beasts
 12498 | Orc:1    | Entered Level 1 of the Orcish Mines
 12501 | Orc:1    | Noticed an orc knight
 12521 | D:10     | Killed an orc knight
 12521 | D:10     | Reached skill level 12 in Axes
 12783 | Orc:2    | Entered Level 2 of the Orcish Mines
 12813 | Orc:2    | Found a roughly hewn altar of Beogh.
 12827 | Orc:1    | Noticed Maurice
 12843 | Orc:1    | Killed Maurice
 12844 | Orc:1    | Found Gysexur's General Store.
 12963 | Orc:1    | Bought 6 javelins for 76 gold pieces
 12975 | Orc:1    | Noticed an ettin
 12976 | Orc:1    | Noticed an orc sorcerer
 12980 | Orc:1    | HP: 3/83 [ettin/dire flail (23)]
 13097 | Orc:1    | Demolished by an ettin

Vault maps used:
D:1:      sevenhm_arrival_forest_fort_large_4
D:2:      nicolae_overflow_crystal_walls, ecumenical_altar_2, uniq_robin
D:3:      elyvilon_altar_4, eat_drink_and_be_merry_uskayaw, first_bread,
          minmay_misc_feat_secret_circle, uniq_iyjb
D:4:      lightli_ossuary_entry_decrepit_ruins, kennysheep_opposing_triangles
D:5:      kennysheep_little_box, serial_shops, shop, shop,
          nicolae_shop_waterfront
D:6:      marbit_many_paths, portal_sewer_entry_d
D:7:      lemuel_mausoleum_altar_yredelemnul
D:8:      overflow_temple_1_default, lair_0_dummy
D:9:      kennysheep_orc_sif_temple, lemuel_crystal_altar, serial_shops, shop,
          nicolae_shop_crystal, tgw_trog
D:10:     minmay_orc_entry_temple_small, the_bakery, uniq_harold
Temple:   nicolae_temple_figure_eight
Orc:1:    serial_shops, shop, uniq_maurice
Orc:2:    st_orc_town, basic_altar, rock_pile
Sewer:    kennysheep_pipe_town
Ossuary:  ossuary_tomb_3

Skill      XL: |  1  2  3  4  5  6  7  8  9 10 11 |
---------------+----------------------------------+-----
Shields        | 4 5 6 8 9 |  9.6
Axes           | 3 4 6 7 9 10 12 | 12.1
Invocations    | 6 10 11 | 11.6
Fighting       | 6 |  6.5
Armour         | |  3.2

Action                   |  1- 3 |  4- 6 |  7- 9 | 10-12 || total
-------------------------+-------+-------+-------+-------++-------
Melee: War axe           |    65 |   243 |   335 |       ||   643
       Battleaxe         |       |       |    47 |   433 ||   480
Invok: Step From Time    |       |       |       |     1 ||     1
 Abil: Dig               |       |     1 |     2 |     4 ||     7
  Use: Scroll            |       |    13 |     9 |     7 ||    29
       Potion            |       |     2 |     3 |     3 ||     8
 Stab: Sleeping          |     1 |       |     1 |       ||     2
       Distracted        |       |       |     1 |     2 ||     3
  Eat: Chunk             |     1 |     8 |    13 |    13 ||    35
       Meat ration       |       |       |     1 |       ||     1
       Bread ration      |       |       |     1 |       ||     1
Armor: Scale mail        |    13 |       |       |       ||    13
       Leather armour    |     5 |    75 |    94 |    41 ||   215
       Skin              |       |       |    10 |       ||    10
       Mottled dragon sc |       |       |       |    59 ||    59
Dodge: Dodged            |    29 |    99 |   108 |   125 ||   361
Block: Shield            |    38 |   120 |   235 |   279 ||   672
